 Dungeon Crawl Stone Soup version 0.31-a0-344-gd109795599 (webtiles) character file.

Game seed: 3635269232029691431

6912 derpindaisy the Basher (level 10, -15/88 HPs)
             Began as a Minotaur Fighter on July 21, 2023.
             Was a High Priest of Fedhas.
             Demolished by an orc warlord
             ... wielding a +10 battleaxe
              (39 damage)
             ... in a bailey.
             The game lasted 00:24:49 (7730 turns).

derpindaisy the Basher (Minotaur Fighter)           Turns: 7730, Time: 00:24:50

Health: -15/88     AC: 32    Str: 25    XL:     10   Next: 79%
Magic:  12/12      EV: 15    Int:  5    God:    Fedhas [*****.]
Gold:   623        SH: 12    Dex: 15    Spells: 9/9 levels left

rFire   . . .        C - +7 mace of Noon {freeze, rElec rCorr Str-3}
rCold   + . .        s - +1 kite shield {AC+3}
rNeg    . . .        G - +18 Lear's hauberk
rPois   .            (helmet currently unavailable)
rElec   +            (no cloak)
rCorr   +            (gloves currently unavailable)
SInv    .            (boots currently unavailable)
Will    .....        (no amulet)
Stlth   +            z - +6 ring of strength
HPRegen 0.34/turn    D - +5 ring of evasion
MPRegen 0.13/turn

%: no passive effects
@: mighty, unable to read
A: horns 2, retaliatory headbutt, thin skeletal structure 1, cold resistance 1,
inability to read after injury 1
a: Renounce Religion, Wall of Briars, Grow Ballistomycete, Overgrow, Grow Oklob


You were in a bailey.
You worshipped Fedhas.
Fedhas was extremely pleased with you.
You visited 1 branch of the dungeon, and saw 9 of its levels.
You also visited: Bailey.

You collected 623 gold pieces.

Inventory:

Hand Weapons
 i - a +2 flail of electrocution
 r - a +1 flail of venom
 C - the +7 mace of Noon (weapon) {freeze, rElec rCorr Str-3}
   (You took it off a wight on level 8 of the Dungeon)

   Str:       It affects your strength (-3).
   rElec:     It insulates you from electricity.
   rCorr:     It protects you from acid and corrosion.
 H - a +0 quarterstaff of holy wrath
Armour
 a - a +2 scale mail of poison resistance
 c - +0 steam dragon scales
 e - a +0 pair of gloves
 h - a +0 pair of boots
 n - a +1 leather armour of positive energy
 s - a +1 kite shield of protection (worn)
 B - a +1 scale mail of cold resistance
 G - the +18 Lear's hauberk (worn)
   (You found it on level 8 of the Dungeon)
Jewellery
 f - a ring of willpower
 o - a ring of see invisible
 z - a +6 ring of strength (left hand)
 D - a +5 ring of evasion (right hand)
Wands
 j - a wand of paralysis (15)
 p - a wand of iceblast (13)
 t - a wand of flame (24)
 u - a wand of polymorph (7)
Scrolls
 b - 2 scrolls of teleportation
 g - 2 scrolls of poison
 k - 3 scrolls of enchant armour
 m - a scroll of revelation
 q - a scroll of enchant weapon
 w - a scroll of brand weapon
 y - 2 scrolls of immolation
 F - a scroll of identify
 I - a scroll of blinking
 J - a scroll of butterflies {unknown}
 L - 2 scrolls of fog
Potions
 d - a potion of might
 l - 2 potions of attraction
 v - a potion of degeneration
 x - 4 potions of haste
 A - 4 potions of curing
 K - a potion of cancellation {unknown}


   Skills:
 + Level 8.0 Fighting
 + Level 11.3 Maces & Flails
 + Level 8.8 Armour
 + Level 4.7 Dodging
 + Level 2.6 Stealth
 + Level 8.4 Shields
 - Level 5.0 Invocations
 * Level 3.1 Evocations


You had 9 spell levels left.
You didn't know any spells.
Your spell library contained the following spells:

 Spells                   Type           Power      Damage    Failure   Level
 Summon Small Mammal      Summ           0%         N/A       99%         1
 Call Canine Familiar     Summ           0%         N/A       100%        3
 Frozen Ramparts          Ice            0%         1d1       100%        3
 Inner Flame              Hex/Fire       0%         N/A       100%        3
 Summon Guardian Golem    Hex/Summ       0%         N/A       100%        3
 Petrify                  Tmut/Erth      0%         N/A       100%        4
 Metabolic Englaciation   Hex/Ice        0%         N/A       100%        5
 Yara's Violent Unravell  Hex/Tmut       0%         3d3       100%        5
 Enfeeble                 Hex            0%         N/A       100%        7


Dungeon Overview and Level Annotations

Branches:
Dungeon (9/15)             Temple (0/1) D:6          Bailey (1/1)
   Lair: D:8-11         Orc: D:9-12

Altars:
Cheibriados
Fedhas
Trog
Xom
Zin

Shops:
D:6 *


Innate Abilities, Weirdness & Mutations

You have a pair of horns on your head.
You reflexively headbutt those who attack you in melee.
You have a somewhat thin skeletal structure. (Dex +2, Stealth+)
Your flesh is cold resistant. (rC+)
You occasionally lose the ability to read scrolls when taking damage.


Message History

The goblin closely misses you. You furiously retaliate!
You headbutt the goblin!
You kill the goblin!
Fedhas appreciates your contribution to the ecosystem.
You thump the hobgoblin! You freeze the hobgoblin.
You kill the hobgoblin!
Fedhas appreciates your contribution to the ecosystem.
The orc knight no longer looks unusually strong.
The orc warlord roars a battlecry!
The orc knight goes into a battle-frenzy!
The orc warlord no longer looks unusually strong.
You bludgeon the orc knight!! You freeze the orc knight.
Your headbutt misses the orc knight.
The orc knight is moderately wounded.
The orc knight roars a battlecry!
The orc warlord goes into a battle-frenzy!
You thump the orc knight! You freeze the orc knight!
The orc knight is severely wounded.
The orc knight no longer looks unusually strong.
The orc knight hits you but does no damage.
You sock the orc knight! You freeze the orc knight.
The orc knight is almost dead.
You miss the orc knight.
The orc knight is almost dead.
You block the orc knight's attack.
The orc warlord hits you with a +10 battleaxe!!!
You feel threatened and lose the ability to read scrolls!
Ouch! That really hurt!
* * * LOW HITPOINT WARNING * * *
You cannot read scrolls in your current state!
You feel much better.
The orc knight hits you but does no damage.
The orc warlord hits you with a +10 battleaxe.
You barely miss the orc knight.
The orc knight is almost dead.
The orc knight hits you with a +0 war axe!
* * * LOW HITPOINT WARNING * * *
The orc warlord hits you with a +10 battleaxe!!!
You die...
Fedhas appreciates your contribution to the ecosystem.

##'####...........####)##
##.....##.........##...).##
#.......#.........#.......#
##.......##.......##.......##
#.........# ..... #.........#
##.........## .g. ##.........##
#.....⌠.....###o###.....⌠.....#
##.........##88o88##.........##
#.........#..@o...#.........#
##......)##.......##.......##
#......)'........)'.......#
##.....##........)##.....##
#######.....⌠.....#######
##.........## #.........#
##.......## #.....!.#


You could see an orc warlord (strong), 2 orc knights and a gnoll.

Vanquished Creatures
  Amaemon (D:8)
  Pikel (D:5)
  3 orc knights (Bailey)
  An orange demon (D:8)
  Prince Ribbit (D:7)
  Grinder (D:3)
  A shadow (D:6)
  Sigmund (D:5)
  3 steam dragons
  A water moccasin (D:7)
  10 orc warriors
  2 ogres (D:6)
  2 centaurs
  A kobold brigand (D:8)
  A phantom (D:5)
  A bullfrog (D:7)
  A gnoll sergeant (D:5)
  3 scorpions
  4 wights (D:8)
  3 killer bees (D:9)
  2 gnoll boudas (D:6)
  6 orc priests
  A hound (D:7)
  5 iguanas
  Terence (D:3)
  4 orc wizards
  22 gnolls
  11 adders
  2 river rats (D:3)
  3 white imps
  2 ufetubi
  5 worms
  2 dart slugs
  46 orcs
  9 ball pythons
  3 bats
  8 endoplasms
  3 giant cockroaches
  27 goblins
  18 hobgoblins
  3 jackals (D:1)
  6 quokkas
  6 frilled lizards
  8 kobolds
  6 rats
251 creatures vanquished.

Vanquished Creatures (others)
  An adder (D:6)
  2 butterflies (D:4)
3 creatures vanquished.

Grand Total: 254 creatures vanquished

Notes
Turn   | Place    | Note
-------+----------+-------------------------------------------
     0 | D:1      | derpindaisy the Minotaur Fighter began the quest for the
                  | Orb.
     0 | D:1      | Reached XP level 1. HP: 19/19 MP: 0/0
    73 | D:1      | Reached XP level 2. HP: 23/27 MP: 1/1
   609 | D:1      | Reached XP level 3. HP: 31/33 MP: 2/2
   704 | D:1      | Found a bloodstained altar of Trog.
  1057 | D:2      | Reached skill level 3 in Maces & Flails
  1366 | D:2      | Reached XP level 4. HP: 38/40 MP: 3/3
  1380 | D:2      | Reached skill level 1 in Dodging
  1799 | D:3      | Noticed Terence
  1804 | D:3      | Killed Terence
  1843 | D:3      | Found a blossoming altar of Fedhas.
  1843 | D:3      | Noticed Grinder
  1858 | D:3      | Paralysed by Grinder for 3 turns
  1864 | D:3      | Paralysed by Grinder for 5 turns
  1874 | D:3      | Killed Grinder
  1875 | D:3      | Reached skill level 5 in Maces & Flails
  1875 | D:3      | Reached skill level 5 in Armour
  1875 | D:3      | Reached XP level 5. HP: 28/47 MP: 4/4
  1875 | D:3      | Reached XP level 6. HP: 31/53 MP: 5/5
  1973 | D:3      | Became a worshipper of Fedhas Madash
  2517 | D:3      | Reached * piety under Fedhas
  3158 | D:4      | Reached skill level 1 in Invocations
  3323 | D:4      | Reached skill level 6 in Maces & Flails
  3323 | D:4      | Reached XP level 7. HP: 55/60 MP: 6/6
  3377 | D:4      | Reached skill level 5 in Fighting
  3424 | D:4      | Found a shimmering altar of Xom.
  3476 | D:4      | Reached ** piety under Fedhas
  3653 | D:4      | Gained mutation: Your flesh is cold resistant. (rC+)
                  | [potion of mutation]
  3653 | D:4      | Gained mutation: You occasionally lose the ability to read
                  | scrolls when taking damage. [potion of mutation]
  3653 | D:4      | Gained mutation: You have a somewhat thin skeletal
                  | structure. (Dex +2, Stealth+) [potion of mutation]
  3694 | D:5      | Entered Level 5 of the Dungeon
  3776 | D:5      | Noticed Sigmund
  3787 | D:5      | Killed Sigmund
  3858 | D:5      | Noticed Pikel
  3872 | D:5      | Killed Pikel
  3873 | D:5      | Reached skill level 7 in Maces & Flails
  3873 | D:5      | Reached skill level 1 in Stealth
  3873 | D:5      | Reached skill level 5 in Shields
  3873 | D:5      | Reached XP level 8. HP: 60/70 MP: 7/9
  3987 | D:5      | Reached skill level 8 in Maces & Flails
  5242 | D:6      | Reached skill level 9 in Maces & Flails
  5242 | D:6      | Reached XP level 9. HP: 60/78 MP: 10/10
  5306 | D:6      | Found a snail-covered altar of Cheibriados.
  5456 | D:6      | Reached *** piety under Fedhas
  5640 | D:6      | Found a staircase to the Ecumenical Temple.
  5782 | D:6      | Found Wirotumn's General Store.
  5999 | D:7      | Noticed Prince Ribbit
  6022 | D:7      | Killed Prince Ribbit
  6294 | D:7      | Reached **** piety under Fedhas
  6622 | D:8      | Noticed an orange demon
  6623 | D:8      | Noticed Amaemon
  6631 | D:8      | Killed Amaemon
  6632 | D:8      | Reached skill level 5 in Invocations
  6633 | D:8      | Killed an orange demon
  6634 | D:8      | Reached skill level 10 in Maces & Flails
  6634 | D:8      | Reached XP level 10. HP: 81/86 MP: 12/12
  6712 | D:8      | Found a glowing silver altar of Zin.
  6787 | D:8      | Identified the +7 mace of Noon {freeze, rElec rCorr Str-3}
  6942 | D:8      | Found the +18 Lear's hauberk
  7130 | D:9      | Reached skill level 1 in Evocations
  7419 | D:9      | Found a flagged portal.
  7428 | Bailey   | Entered a bailey
  7451 | Bailey   | Noticed an orc knight
  7466 | Bailey   | Killed an orc knight
  7509 | Bailey   | Noticed an orc knight
  7523 | Bailey   | Killed an orc knight
  7570 | Bailey   | Reached ***** piety under Fedhas
  7582 | Bailey   | Reached skill level 11 in Maces & Flails
  7705 | Bailey   | Noticed an orc warlord
  7705 | Bailey   | Noticed an orc knight
  7705 | Bailey   | Noticed an orc knight
  7706 | Bailey   | Noticed an orc knight
  7720 | Bailey   | Killed an orc knight
  7730 | Bailey   | Demolished by an orc warlord

Illustrated notes

Levels and vault maps discovered:
D:1:      dpeg_arrival_water_altar, layout_loops_ring, hangedman_decor_growths
D:2:      layout_basic
D:3:      layout_loops_ring, mainiacjoe_overflow_small_starburst,
          lightli_sewer_entry_pipes, serial_bayou_crossing, uniq_terence,
          uniq_grinder
D:4:      layout_rooms, xom_butterflies, minmay_misc_feat_more_columns,
          st_stairs_2, kennysheep_decorative_pillar, serial_bayou_ford_a
D:5:      layout_basic, uniq_pikel, uniq_sigmund
D:6:      layout_rooms, amcnicky_altar_gilded, minmay_temple_entry_ruins,
          serial_shops, shop
D:7:      layout_rooms, uniq_prince_ribbit1
D:8:      layout_rooms, mainiacjoe_overflow_paths, uniq_amaemon
D:9:      layout_small_grid, enter_bailey_2, hangedman_decor_push
Bailey:   bailey_axe_minmay_hex_keep, bailey

Skill      XL: |  1  2  3  4  5  6  7  8  9 10 |
---------------+-------------------------------+-----
Armour         | 4 5 6 7 8 |  8.8
Fighting       | 4 5 6 7 8 |  8.0
Shields        | 4 5 7 8 |  8.4
Maces & Flails | 3 5 6 7 9 10 11 | 11.3
Dodging        | 1 2 3 4 |  4.7
Invocations    | 1 2 3 5 |  5.0
Stealth        | 1 2 |  2.6
Evocations     | 3 |  3.1

Action                     |  1- 3 |  4- 6 |  7- 9 | 10-12 || total
---------------------------+-------+-------+-------+-------++-------
  Melee: Flail             |   104 |   110 |   207 |    10 ||   431
         Headbutt          |    13 |    22 |    41 |    34 ||   110
         Mace              |       |       |       |   153 ||   153
  Evoke: Wand              |       |       |     6 |       ||     6
    Use: Scroll            |     2 |     7 |     9 |       ||    18
         Potion            |     1 |     1 |     3 |     2 ||     7
   Stab: Sleeping          |       |       |     1 |       ||     1
         Distracted        |       |       |       |     1 ||     1
 Armour: Scale mail        |    49 |    40 |    72 |     1 ||   162
         Leather armour    |       |     7 |     2 |       ||     9
         Chain mail        |       |       |       |    53 ||    53
  Dodge: Dodged            |    45 |    60 |    84 |    70 ||   259
  Block: Buckler           |    25 |    34 |    10 |       ||    69
         Kite shield       |       |       |    83 |    87 ||   170

Table legend: (Time is in decaauts)
 A = Elapsed time spent in this place.
 B = Non-inter-level travel time spent in this place.
 C = Inter-level travel time spent in this place.
 D = Time resting spent in this place.
 E = Time spent auto-exploring this place.
 F = Levels seen in this place.
 G = Mean time per level.
                   A        B        C        D        E       F      G
               +--------+--------+--------+--------+--------+-----+--------+
         Total |   7920 |   7494 |    426 |   1211 |   4634 |  10 |  792.0 |
       Dungeon |   7623 |   7197 |    426 |   1211 |   4474 |   9 |  847.0 |
        Bailey |    296 |    296 |      0 |      0 |    160 |   1 |  296.0 |
               +--------+--------+--------+--------+--------+-----+--------+

Top non-repeatable levels by time:
     D:5: 1457 daAuts
     D:3: 1226 daAuts
     D:2: 986 daAuts
     D:1: 860 daAuts
     D:6: 837 daAuts
     D:4: 804 daAuts
     D:8: 600 daAuts
     D:7: 531 daAuts
     D:9: 319 daAuts
  Bailey: 296 daAuts
